Map: Void Training Stage 3

Players

LindyHop - Winner!

  • Race: Zerg Zerg
  • League: Platinum

Player 2

  • Race: Protoss Protoss

VOD

Have the link to the VOD?

Description

Time

  • Played on: Jan. 14, 2016, 9:16 p.m.
  • Length: 17:28
Show
View Real Time Build Order
Export as new Build Order

LindyHop Zerg - Winner!

Build Orders: Hatch First, Lurkers 

Get SALT Encoding   

  12  0:01  Drone  
  13  0:13  Overlord  
  13  0:18  Drone  
  14  0:31  Drone x2  
  14  0:34  Drone  
  17  0:55  Hatchery  
  16  0:58  Drone  
  17  1:12  Spawning Pool  
  17  1:15  Drone  
  17  1:18  Extractor  
  17  1:20  Drone  
  17  1:30  Drone x2  
  19  1:40  Overlord  
  19  1:50  Drone  
  20  2:00  Queen  
  22  2:06  Queen  
  24  2:10  Drone x2  
  24  2:13  Drone  
  27  2:28  Metabolic Boost  
  27  2:30  Drone x2  
  27  2:32  Drone  
  27  2:34  Drone  
  31  2:54  Hatchery  
  30  2:59  Overlord x2  
  30  3:05  Drone x2  
  32  3:06  Drone  
  33  3:15  Drone  
  33  3:17  Drone, Roach Warren  
  34  3:22  Zergling x4  
  34  3:23  Drone  
  34  3:25  Drone  
  38  3:27  Drone  
  38  3:30  Drone  
  40  3:36  Evolution Chamber, Drone  
  40  3:37  Drone  
  41  3:43  Drone x3  
  41  3:47  Overlord  
  44  3:50  Drone x2  
  46  3:56  Drone  
  46  3:57  Lair  
  46  4:00  Extractor  
  46  4:03  Extractor  
  46  4:04  Extractor  
  46  4:06  Spore Crawler  
  46  4:08  Drone, Spine Crawler  
  43  4:13  Queen  
  45  4:29  Drone x10  
  55  4:49  Queen  
  57  4:55  Overlord x2  
  57  5:02  Drone x2  
  57  5:03  Drone x2  
  57  5:05  Extractor  
  57  5:06  Extractor  
  59  5:07  Zerg Ground Armor Level 1  
  59  5:15  Hydralisk Den  
  59  5:18  Drone x3  
  59  5:19  Drone, Infestation Pit  
  61  5:40  Drone x3  
  64  5:48  Muscular Augments  
  64  5:52  Hatchery, Glial Reconstitution  
  64  5:53  Evolution Chamber  
  64  5:56  Pathogen Glands  
  62  5:58  Hydralisk x5  
  62  5:59  Infestor  
  74  6:13  Overlord x3  
  74  6:14  Overlord  
  74  6:28  Infestor x2  
  74  6:29  Infestor  
  80  6:39  Drone x3  
  84  6:40  Drone x6  
  84  6:46  Extractor  
  88  6:48  Extractor  
  88  6:52  Zergling x2  
  88  6:53  Zergling x12  
  88  6:54  Infestor x2  
  95  7:24  Infestor x3  
  100  7:32  Drone x6  
  100  7:33  Drone x5  
  111  7:41  Zerg Missile Weapons Level 1  
  111  7:43  Spire  
  110  7:46  Spine Crawler  
  110  7:48  Evolution Chamber, Spore Crawler  
  110  7:49  Spine Crawler  
  106  7:51  Spore Crawler  
  106  7:52  Drone x4  
  106  7:53  Spine Crawler  
  106  7:54  Drone x3  
  106  7:55  Drone x2  
  113  8:00  Spore Crawler  
  113  8:02  Overlord x3, Spine Crawler  
  113  8:03  Spine Crawler  
  110  8:14  Zerg Ground Armor Level 2  
  110  8:18  Zerg Melee Weapons Level 1  
  110  8:22  Lurker Den  
  110  8:28  Hive  
  110  8:32  Drone x2  
  110  8:33  Drone x3  
  115  8:44  Overlord x2, Spine Crawler  
  115  8:45  Spine Crawler  
  115  8:46  Spine Crawler  
  112  8:51  Spine Crawler x2  
  110  9:10  Spine Crawler  
  110  9:13  Spine Crawler  
  108  9:34  Hatchery  
  108  9:37  Hatchery  
  106  9:41  Viper x3  
  106  9:42  Viper x6  
  133  9:46  Zergling x2  
  133  9:47  Zergling x40  
  133  9:48  Zergling x2  
  133  9:52  Overlord  
  155  9:53  Overlord  
  155  9:56  Overlord  
  155  10:20  Burrow  
  155  10:44  Zerg Missile Weapons Level 2  
  155  10:46  Zerg Ground Armor Level 3  
  155  10:47  Zerg Melee Weapons Level 2  
  155  10:49  Adrenal Glands  
  155  10:55  Lurker x5  
  160  10:57  Overlord x3  
  160  10:59  Overseer x2  
  160  11:50  Hydralisk  
  160  11:51  Hydralisk x5  
  157  13:09  Lurker x3  
  157  13:10  Lurker x3  
  163  13:32  Hatchery  
  162  13:45  Hydralisk x4  
  162  13:46  Hatchery, Corruptor x2  
  162  13:47  Corruptor x6  
  162  13:48  Corruptor x2  
  179  14:53  Hydralisk x10  
  199  15:14  Drone  
  200  15:39  Extractor  
  199  15:43  Extractor, Greater Spire  
  198  16:09  Infestor  
  196  16:29  Infestor x4  
Show
View Real Time Build Order
Export as new Build Order

Player 2 Protoss 

Build Orders:  

Get SALT Encoding   

  12  0:01  Probe (Chrono Boost)  
  13  0:11  Probe (Chrono Boost)  
  14  0:21  Pylon  
  14  0:22  Probe (Chrono Boost)  
  15  0:39  Probe (Chrono Boost)  
  16  0:46  Assimilator  
  17  0:50  Probe (Chrono Boost)  
  17  0:51  Gateway  
  17  0:59  Pylon  
  17  1:00  Probe (Chrono Boost)  
  18  1:29  Gateway  
  18  1:35  Assimilator  
  18  1:38  Zealot  
  18  1:42  Cybernetics Core  
  20  2:02  Zealot  
  20  2:07  Pylon  
  22  2:15  Warp Gate  
  22  2:21  Stalker  
  24  2:42  Stalker  
  26  2:58  Pylon  
  26  3:03  Stalker  
  29  3:06  Probe (Chrono Boost)  
  29  3:18  Probe (Chrono Boost)  
  30  3:23  Adept  
  32  3:28  Forge  
  32  3:30  Probe (Chrono Boost)  
  34  3:42  Probe (Chrono Boost)  
  34  3:43  Stalker  
  36  3:53  Probe (Chrono Boost)  
  37  4:03  Stalker  
  37  4:05  Probe (Chrono Boost)  
  40  5:05  Probe (Chrono Boost)  
  39  6:26  Probe (Chrono Boost)  
  40  6:46  Sentry  
  42  6:47  Photon Cannon  
  42  6:49  Photon Cannon  
  42  6:51  Pylon  
  42  6:53  Nexus, Robotics Facility  
  42  6:56  Stargate  
  42  6:58  Twilight Council  
  42  7:00  Sentry  
  44  7:01  Gateway  
  44  7:05  Forge  
  44  7:13  Pylon  
  44  7:14  Sentry  
  36  7:29  Adept  
  31  7:40  Observer  
  31  7:43  Stalker  
  34  7:57  Stalker  
  36  8:01  Observer  
  37  8:07  Probe (Chrono Boost)  
  37  8:10  Probe (Chrono Boost)  
  37  8:12  Stalker  
  41  8:14  Pylon  
  41  8:15  Assimilator  
  41  8:17  Pylon  
  41  8:18  Probe (Chrono Boost), Assimilator  
  42  8:21  Probe (Chrono Boost)  
  42  8:26  Stalker  
  45  8:30  Probe (Chrono Boost)  
  45  8:32  Probe (Chrono Boost)  
  47  8:39  Photon Cannon  
  47  8:40  Probe (Chrono Boost), Zealot  
  50  8:43  Photon Cannon  
  50  8:44  Probe (Chrono Boost)  
  51  8:52  Probe (Chrono Boost)  
  51  8:54  Zealot  
  55  8:56  Probe (Chrono Boost)  
  56  9:04  Probe (Chrono Boost)  
  56  9:07  Probe (Chrono Boost)  
  56  9:09  Adept  
  59  9:14  Probe (Chrono Boost)  
  60  9:18  Probe (Chrono Boost)  
  61  9:25  Probe (Chrono Boost)  
  61  9:29  Probe (Chrono Boost)  
  63  9:36  Probe (Chrono Boost)  
  64  9:39  Probe (Chrono Boost)  
  65  9:46  Probe (Chrono Boost)  
  65  9:50  Probe (Chrono Boost)  
  67  9:57  Probe (Chrono Boost)  
  68  10:00  Probe (Chrono Boost)  
  69  11:24  Protoss Ground Armor Level 1  
  69  11:26  Protoss Ground Weapons Level 1  
  69  11:29  Warp Prism  
  69  11:31  Stalker  
  73  11:34  Gateway  
  73  11:37  Dark Shrine  
  73  11:39  Pylon  
  73  11:41  Stalker, Robotics Facility  
  73  11:42  Stargate  
  73  11:44  Templar Archives  
  74  11:48  Robotics Bay  
  74  11:51  Stalker  
  76  11:57  Nexus  
  76  12:01  Stalker  
  73  12:02  Warp Prism  
  57  12:11  Stalker  
  59  12:21  Stalker  
  61  12:27  Observer  
  62  12:31  Sentry  
  62  12:33  Observer Gravitic Boosters  
  64  12:41  Stalker  
  66  12:51  Stalker  
  68  13:02  Stalker  
  70  13:12  Probe (Chrono Boost), Zealot  
  67  13:15  Probe (Chrono Boost)  
  67  13:18  Immortal, Probe (Chrono Boost)  
  69  13:21  Assimilator  
  69  13:22  Photon Cannon  
  69  13:23  Probe (Chrono Boost)  
  69  13:24  Assimilator  
  69  13:26  Gravitic Drive  
  75  13:27  Probe (Chrono Boost)  
  75  13:30  Probe (Chrono Boost)  
  75  13:32  Sentry  
  79  13:34  Probe (Chrono Boost)  
  79  13:39  Probe (Chrono Boost)  
  80  13:42  Stalker  
  80  13:44  Probe (Chrono Boost)  
  80  13:47  Probe (Chrono Boost)  
  84  13:49  Probe (Chrono Boost)  
  84  13:52  Stalker  
  87  14:29  Stalker  
  83  14:39  Stalker  
  83  14:43  Void Ray  
  67  14:48  Photon Cannon  
  67  14:51  Observer  
  62  14:53  Probe (Chrono Boost), Pylon  
  62  14:56  Probe (Chrono Boost)  
  52  15:00  Probe (Chrono Boost)  
  52  15:04  Stalker, Probe (Chrono Boost)  
  49  15:08  Probe (Chrono Boost)  
  49  15:12  Observer  
  51  15:14  Zealot  
  51  15:16  Probe (Chrono Boost)  
  51  15:19  Probe (Chrono Boost)  
  52  15:21  Zealot  
  52  15:26  Photon Cannon  
  52  15:27  Probe (Chrono Boost)  
  51  15:28  Zealot  
  51  15:31  Probe (Chrono Boost)  
  51  15:32  Observer  
  51  15:35  Sentry  
  56  15:38  Probe (Chrono Boost), Pylon  
  56  15:41  Stalker  
  59  15:43  Probe (Chrono Boost)  
  59  15:48  Stalker  
  61  15:51  Observer  
  61  15:55  Stalker  
  60  16:00  Pylon  
  60  16:01  Stalker  
  60  16:02  Stargate  
  61  16:04  Templar Archives  
  61  16:07  Robotics Bay  
  61  16:08  Stalker  
  61  16:10  Probe (Chrono Boost)  
  64  16:14  Sentry, Probe (Chrono Boost)  
  66  16:19  Fleet Beacon  
  66  16:20  Adept  
  66  16:21  Probe (Chrono Boost)  
  68  16:27  Sentry  
  64  16:34  Stalker  
  64  16:35  Pylon  
  56  16:40  Pylon  
  56  16:41  Zealot  
  38  16:55  Stalker  
  37  17:01  Stalker  
  24  17:15  Stalker  
  24  17:18  Probe (Chrono Boost)  
Tags
 
Add a new tag
Caveats
  • Supply blocks, unpowered buildings, or Contaminate may cause inaccurate times.
  • Supply counts are checked every 10 seconds.